Map: Ephemeron LE

Players

SpeCial - Winner!

  • Race: Terran Terran
  • Spawn Location: 5:00

Reynor

  • Race: Zerg Zerg
  • Spawn Location: 11:00

VOD

Have the link to the VOD?

Description

Time

  • Played on: Sept. 8, 2019, 2:26 p.m.
  • Length: 20:17
Show
View Real Time Build Order
Export as new Build Order

SpeCial Terran - Winner!

Build Orders: Reaper Expand, Banshee Rush 

Get SALT Encoding   

  12  0:00  SCV  
  13  0:12  SCV  
  14  0:18  Supply Depot  
  14  0:24  SCV  
  15  0:39  SCV  
  15  0:40  Barracks  
  16  0:44  Refinery  
  16  0:51  SCV  
  17  1:04  SCV  
  18  1:16  SCV  
  19  1:27  Reaper  
  19  1:28  Orbital Command  
  20  1:41  Command Center  
  20  1:53  Supply Depot  
  20  1:54  SCV  
  20  1:59  Marine  
  22  2:08  SCV  
  23  2:11  Factory  
  23  2:17  Refinery  
  23  2:21  Barracks Reactor  
  23  2:22  SCV  
  24  2:34  SCV  
  25  2:46  SCV  
  26  2:53  Orbital Command  
  26  2:58  SCV, Starport  
  25  3:05  Hellion x2  
  30  3:07  Marine  
  30  3:10  SCV  
  32  3:22  SCV x2  
  34  3:28  Hellion x2  
  34  3:33  Supply Depot  
  38  3:34  SCV, Starport Tech Lab  
  38  3:35  SCV  
  40  3:42  Barracks Tech Lab  
  40  3:46  SCV  
  41  3:49  SCV  
  42  3:57  Cloaking Field, Banshee  
  42  3:59  SCV  
  42  4:01  SCV  
  47  4:08  Supply Depot  
  47  4:12  SCV  
  47  4:13  SCV  
  49  4:18  Command Center  
  49  4:21  Marine  
  49  4:22  Marine  
  51  4:25  Siege Tank  
  51  4:28  SCV  
  53  4:34  Supply Depot  
  53  4:35  SCV  
  54  4:39  Marine x2  
  54  4:40  Banshee  
  54  4:42  SCV  
  60  4:49  SCV  
  61  4:54  SCV  
  61  4:57  Siege Tank  
  65  5:01  SCV  
  65  5:03  Barracks  
  65  5:06  SCV  
  67  5:08  Barracks Tech Lab  
  67  5:09  Barracks  
  67  5:13  SCV  
  68  5:19  SCV, Engineering Bay  
  68  5:20  Engineering Bay  
  69  5:23  Refinery x2  
  69  5:26  SCV  
  70  5:30  Marine, Starport Reactor, Stimpack  
  70  5:32  Supply Depot  
  71  5:37  SCV  
  75  5:43  SCV  
  75  5:47  Marine, Terran Infantry Weapons Level 1  
  75  5:49  SCV  
  75  5:50  Barracks  
  75  5:51  Barracks  
  75  5:52  Marine x2  
  75  5:54  Terran Infantry Armor Level 1  
  75  5:55  Orbital Command  
  77  5:57  SCV  
  78  6:07  Siege Tank  
  78  6:08  SCV  
  78  6:09  SCV  
  78  6:11  Marine  
  85  6:14  Marine  
  85  6:18  Marine  
  86  6:20  SCV  
  86  6:22  SCV x2  
  86  6:24  Marine  
  90  6:26  Supply Depot  
  90  6:28  Marine  
  90  6:32  Medivac  
  93  6:42  Marine, SCV  
  93  6:43  Barracks Reactor  
  93  6:44  Barracks, SCV, Barracks Reactor  
  93  6:48  SCV, Siege Tank, Barracks  
  93  6:49  Barracks, Supply Depot  
  93  6:52  Marine  
  98  6:54  Supply Depot, SCV, Medivac  
  101  7:04  Combat Shield  
  101  7:10  Marine x3  
  101  7:11  Marine, SCV x3, Supply Depot  
  108  7:15  Supply Depot  
  108  7:18  Supply Depot  
  108  7:20  Marine x3  
  108  7:21  Marine  
  112  7:23  SCV x2  
  112  7:28  Marine x3  
  117  7:32  Refinery  
  117  7:33  Marine, Siege Tank, SCV  
  117  7:34  Barracks Reactor  
  122  7:37  Marine x2, Medivac  
  122  7:38  Medivac  
  122  7:39  Supply Depot  
  127  7:46  Marine x2  
  127  7:47  Marine x2  
  127  7:48  Marine  
  127  7:50  Barracks Tech Lab  
  127  7:51  Marine, Barracks Reactor  
  132  7:55  Marine, Armory  
  132  7:56  Marine  
  131  8:01  SCV  
  131  8:04  Marine  
  133  8:08  Marine x4, Marauder  
  133  8:09  Marine  
  133  8:10  Marine  
  133  8:12  Medivac x2  
  133  8:13  Marine  
  133  8:14  SCV x3  
  133  8:16  Marine x2  
  139  8:21  Marine  
  139  8:25  Marine  
  139  8:26  Marine  
  142  8:28  Marine x2, Marauder x2  
  142  8:29  Concussive Shells  
  142  8:34  Supply Depot  
  148  8:36  Marine x2, Marauder  
  148  8:37  Supply Depot  
  148  8:40  Marine  
  153  8:43  Terran Infantry Weapons Level 2  
  153  8:46  Terran Infantry Armor Level 2  
  153  8:51  Marine  
  153  8:52  Marine  
  153  8:57  Marine, Marauder  
  153  9:01  Marine x2, Siege Tank, Marauder  
  160  9:04  Marine  
  160  9:05  Medivac  
  163  9:10  Marine  
  163  9:16  Marine, Sensor Tower  
  163  9:17  Marauder  
  167  9:20  Marine x3, Marauder  
  167  9:21  Marine  
  167  9:22  Marine  
  173  9:34  Supply Depot  
  173  9:36  Supply Depot  
  173  9:37  Marine x5, Marauder  
  180  9:39  Marine  
  181  9:53  Marine, Siege Tank  
  181  9:54  Marine  
  181  9:55  Marauder x2  
  181  9:58  Marine  
  181  9:59  Marauder  
  179  10:00  Marine  
  179  10:02  Marine x2  
  182  10:08  Medivac  
  182  10:10  Command Center  
  184  10:16  Marauder  
  184  10:19  Marauder  
  187  10:23  Marine, Marauder  
  187  10:25  Marine  
  187  10:27  Marine, Liberator x2, Siege Tank  
  187  10:28  Marine  
  180  10:32  Marine x2  
  166  10:37  Marine x2  
  166  10:40  Marine  
  166  10:41  Marine x2  
  169  10:46  Marine x2  
  169  10:47  Marine  
  169  10:48  Marine x2  
  168  10:53  Marine  
  168  10:57  Marine  
  154  10:58  Marine x4  
  154  10:59  Marine, Siege Tank  
  154  11:00  Marine  
  160  11:08  Marine x2  
  160  11:09  Marine x2  
  160  11:10  Liberator x2  
  163  11:17  Marine, Starport  
  161  11:20  Starport  
  161  11:21  Marine  
  161  11:23  Drilling Claws  
  162  11:26  Marine x2  
  170  11:33  Marine  
  170  11:34  Marine  
  170  11:38  Marine x2  
  172  11:40  Terran Infantry Weapons Level 3  
  172  11:41  Marine  
  172  11:44  Marine  
  172  11:45  Marine x2  
  172  11:46  Marine  
  177  11:47  Marine  
  177  11:50  Marine  
  177  11:53  Marine x2  
  179  11:57  Marine  
  179  11:58  Marine  
  179  12:00  Marine x2  
  183  12:02  Marine x2  
  183  12:05  Marine  
  183  12:07  Marine, Planetary Fortress  
  183  12:08  Marine  
  182  12:10  Marine  
  182  12:12  Marine  
  183  12:17  Viking x2  
  183  12:18  Starport Reactor, Starport Tech Lab  
  183  12:21  Marine x2, Fusion Core  
  183  12:22  Marine x2  
  191  12:24  Marine  
  191  12:25  Marine  
  188  12:41  Sensor Tower  
  185  12:45  Viking  
  185  12:46  Marine  
  185  12:47  Marine, Viking x2  
  185  12:50  Marine  
  194  12:51  Marine  
  194  12:56  Marine  
  193  12:59  Viking  
  193  13:01  Viking  
  193  13:04  Terran Infantry Armor Level 3  
  196  13:07  Marine x3  
  196  13:14  Marine  
  196  13:15  Medivac  
  196  13:19  Marine  
  200  13:30  Command Center  
  200  13:40  Sensor Tower  
  199  13:50  Orbital Command  
  199  13:53  Advanced Ballistics  
  199  13:56  Marine  
  199  14:02  Marine  
  200  14:11  Marine  
  200  14:14  Marine  
  200  14:15  Marine, Viking  
  200  14:16  Viking x3  
  192  14:19  Viking  
  192  14:22  Marine x2  
  169  14:37  Marine x2  
  135  14:39  Marine  
  135  14:41  Marine x2  
  135  14:42  Marine  
  135  14:43  Marine  
  135  14:44  Marine  
  135  14:45  Marine, Viking  
  140  14:46  Viking x2  
  140  14:48  Marine x2, Viking  
  140  14:49  Marine x2  
  147  14:54  Marine  
  147  14:55  Marine  
  147  14:57  Marine  
  147  14:59  Marine x2  
  151  15:00  SCV x2  
  151  15:01  SCV  
  151  15:02  Liberator  
  151  15:03  Refinery  
  151  15:04  Marine, Refinery  
  151  15:05  Refinery x2  
  151  15:06  Marine x3  
  158  15:07  Marine  
  158  15:11  Orbital Command  
  158  15:12  SCV  
  158  15:14  Marine x2, Marauder  
  164  15:15  Marine  
  164  15:17  Marine x2  
  164  15:19  Medivac  
  168  15:22  Marine  
  168  15:24  SCV x2  
  168  15:25  SCV  
  172  15:35  Marine  
  166  15:38  Marine  
  166  15:40  Viking x3  
  168  15:44  Marine x2  
  168  15:45  Marine x3  
  168  15:47  Marine  
  168  15:48  Marine x3  
  168  15:49  Marine, Viking  
  165  15:50  SCV  
  165  15:51  SCV  
  165  15:52  Marine  
  165  15:55  SCV  
  161  15:58  Marine  
  161  16:02  Marine x2, SCV, Viking  
  161  16:03  SCV x2  
  164  16:06  Marine x2  
  164  16:09  Marine x3, Widow Mine x2  
  164  16:10  Marine, Viking x3  
  180  16:13  Marine, SCV  
  180  16:14  Marine x2  
  180  16:16  Marine  
  185  16:19  Viking  
  185  16:21  Marine  
  185  16:22  Liberator  
  188  16:27  Terran Ship Weapons Level 1  
  188  16:30  Marine x2, Refinery  
  188  16:32  Viking  
  192  16:36  Marine  
  187  16:45  Marine  
  174  16:48  Viking  
  174  16:51  Medivac x2  
  174  16:53  SCV x2  
  174  16:54  SCV  
  174  16:58  Marine x2  
  174  17:00  Liberator  
  174  17:01  Marine  
  174  17:02  Marine, Viking  
  174  17:03  Marine x2  
  174  17:04  Marine, Liberator  
  174  17:07  Marine x4  
  185  17:11  Marine  
  185  17:14  Widow Mine x2  
  190  17:15  Marine  
  190  17:16  Marine  
  190  17:19  Marine  
  190  17:21  Liberator  
  199  17:23  Marine  
  200  17:35  Widow Mine  
  200  17:37  Marine x2  
  185  17:38  Viking  
  185  17:39  Marine, Medivac  
  185  17:41  Marine  
  187  17:46  Marine x2  
  187  17:47  Marine, SCV  
  187  17:53  Marine x2  
  187  18:00  Medivac  
  187  18:02  Marine  
  187  18:03  Marine  
  187  18:04  Medivac  
  175  18:08  Marine x3  
  175  18:12  Marine x2  
  178  18:13  Marine  
  178  18:14  Viking x2  
  178  18:16  Marine  
  185  18:22  SCV x2  
  185  18:24  Marine x4  
  185  18:25  Viking  
  185  18:26  Supply Depot  
  183  18:28  Marine x2  
  183  18:29  Marauder  
  183  18:30  Marine  
  188  18:34  Marine x2  
  188  18:35  Marine  
  188  18:36  Marine  
  170  18:42  Marine x4, Viking x2  
  170  18:44  Viking  
  170  18:46  Marine x2  
  173  18:51  Marine  
  173  18:52  Marine  
  173  18:53  Marine x2  
  151  18:56  SCV x2  
  151  18:59  Viking x2  
  151  19:00  Marine  
  140  19:03  Marine  
  140  19:06  Marine  
  140  19:07  Marine x2  
  140  19:08  SCV  
  141  19:10  Marine x2  
  141  19:12  Viking x2  
  141  19:14  Marine  
  141  19:15  Viking  
  145  19:18  Marine  
  145  19:19  Marine  
  145  19:20  Marine  
  146  19:29  SCV x2, Viking x2  
  149  19:34  Marine  
  149  19:37  Marine  
  145  19:38  Marine  
  145  19:40  Marine  
  145  19:42  Marine  
  145  19:45  Marine  
  145  19:46  Marine  
  145  19:49  Marine  
  145  19:50  Marine x2  
  145  19:52  Marine  
  147  19:57  Marine  
  147  20:03  SCV x2  
  147  20:04  SCV  
Show
View Real Time Build Order
Export as new Build Order

Reynor Zerg 

Build Orders: Hatch First 

Get SALT Encoding   

  12  0:00  Drone  
  13  0:12  Overlord  
  13  0:16  Drone  
  14  0:30  Drone  
  14  0:31  Drone  
  16  0:48  Hatchery  
  15  0:51  Drone  
  15  0:54  Drone  
  17  0:58  Drone  
  18  1:09  Extractor  
  17  1:14  Spawning Pool  
  17  1:16  Drone  
  17  1:20  Drone  
  18  1:28  Drone  
  20  1:40  Drone  
  20  1:49  Overlord  
  20  2:00  Zergling x2  
  20  2:01  Queen x2  
  21  2:02  Zergling x2  
  26  2:11  Drone x2  
  28  2:21  Zergling x2  
  29  2:25  Drone  
  29  2:34  Overlord  
  29  2:36  Queen, Drone  
  29  2:37  Pneumatized Carapace  
  32  2:45  Drone x2  
  33  2:54  Drone x2  
  35  3:02  Hatchery  
  35  3:05  Drone x2  
  36  3:13  Metabolic Boost  
  36  3:15  Queen  
  36  3:18  Drone  
  39  3:24  Zergling x2  
  39  3:25  Overlord  
  39  3:26  Drone  
  41  3:29  Zergling x2  
  41  3:31  Drone  
  43  3:37  Overlord  
  43  3:44  Drone x2  
  43  3:45  Drone x2  
  43  3:47  Zergling x2  
  48  3:49  Overlord  
  48  3:50  Drone  
  48  3:52  Drone  
  48  3:55  Overlord  
  50  3:59  Queen  
  52  4:05  Zergling x2  
  52  4:07  Zergling x2  
  53  4:13  Queen  
  53  4:15  Zergling x4  
  58  4:17  Drone  
  58  4:25  Drone x2  
  58  4:26  Drone x3  
  58  4:28  Drone  
  58  4:29  Overlord, Spore Crawler  
  63  4:36  Spore Crawler  
  62  4:41  Spore Crawler  
  62  4:42  Lair  
  62  4:44  Drone x3  
  64  4:48  Overlord  
  64  4:50  Drone  
  64  4:51  Drone  
  67  4:52  Drone  
  67  4:55  Drone  
  67  4:57  Queen  
  70  5:03  Zergling x4  
  70  5:06  Drone  
  73  5:10  Roach Warren, Drone x3  
  75  5:14  Overlord  
  75  5:17  Drone x3  
  75  5:18  Drone  
  75  5:20  Extractor  
  78  5:21  Extractor  
  78  5:24  Overlord  
  78  5:25  Drone x2  
  79  5:33  Drone  
  79  5:34  Overlord, Drone x3  
  83  5:36  Overlord  
  83  5:39  Baneling Nest  
  83  5:43  Drone x5  
  88  5:50  Drone  
  88  5:51  Overseer  
  88  5:56  Drone x4, Extractor x2  
  91  5:57  Evolution Chamber  
  91  5:58  Overlord, Evolution Chamber  
  91  6:01  Hatchery  
  88  6:05  Spore Crawler  
  86  6:13  Drone  
  88  6:20  Drone x2  
  88  6:23  Zergling x14  
  88  6:24  Centrifical Hooks  
  97  6:32  Zerg Ground Armor Level 1  
  95  6:33  Overlord  
  95  6:34  Zergling x8  
  95  6:35  Zergling x6  
  95  6:37  Zerg Melee Weapons Level 1  
  95  6:38  Drone  
  98  6:44  Drone x2  
  99  6:47  Drone  
  99  6:53  Drone x3  
  103  6:55  Zergling x4  
  103  7:01  Zergling x8  
  109  7:04  Baneling  
  109  7:05  Baneling x5  
  109  7:07  Zergling x2  
  110  7:10  Drone  
  110  7:12  Drone  
  110  7:14  Infestation Pit  
  113  7:17  Overlord  
  113  7:19  Drone  
  113  7:22  Baneling x3  
  114  7:23  Baneling x2  
  114  7:24  Drone x3  
  114  7:25  Zergling x12  
  123  7:31  Baneling x7  
  123  7:33  Zergling x8  
  125  7:37  Drone x2  
  125  7:39  Drone  
  125  7:43  Overlord  
  128  7:47  Drone x2  
  128  7:49  Spore Crawler  
  128  7:56  Zergling x16  
  122  8:00  Drone x3  
  122  8:01  Drone x4  
  122  8:03  Hive  
  127  8:07  Zergling x4  
  127  8:12  Drone x2  
  125  8:22  Drone  
  125  8:23  Zergling x16  
  125  8:25  Hatchery  
  125  8:26  Zergling x8  
  125  8:27  Zergling x6  
  139  8:30  Baneling x6  
  139  8:31  Baneling x6  
  139  8:33  Zerg Ground Armor Level 2  
  139  8:35  Zerg Melee Weapons Level 2  
  139  8:41  Extractor  
  138  8:43  Zergling x6  
  138  8:44  Zergling x6  
  138  8:45  Baneling x6  
  143  8:49  Zergling x4  
  133  9:05  Zergling x22  
  141  9:12  Spire, Drone  
  141  9:15  Extractor  
  135  9:17  Drone x3  
  135  9:18  Drone x5  
  135  9:20  Drone  
  135  9:22  Adrenal Glands  
  135  9:23  Overlord  
  143  9:25  Overlord  
  143  9:38  Overlord  
  143  9:42  Zergling x2  
  143  9:43  Zergling x18  
  143  9:44  Baneling x6  
  153  9:50  Zergling x12  
  156  9:55  Zergling x18  
  151  10:00  Baneling  
  151  10:01  Zergling x6, Baneling x11  
  151  10:05  Queen, Drone  
  151  10:06  Drone  
  157  10:10  Zergling x6  
  157  10:13  Zergling x2  
  159  10:15  Zergling x6  
  158  10:23  Zergling x22  
  158  10:24  Zergling x2  
  158  10:25  Queen  
  142  10:32  Zergling x8  
  117  10:36  Baneling x7  
  117  10:37  Zergling x2  
  117  10:41  Queen  
  117  10:42  Zergling x6  
  114  10:44  Zergling x6  
  114  10:45  Zergling x4, Queen  
  114  10:46  Zergling x4  
  114  10:49  Zergling x12  
  118  10:50  Zergling x6  
  118  10:53  Zergling x2, Greater Spire  
  109  10:58  Drone x4  
  109  11:02  Baneling x6  
  109  11:03  Zergling x2  
  115  11:05  Zergling x4  
  115  11:07  Zergling x2  
  118  11:17  Zergling x14  
  124  11:24  Corruptor x3  
  126  11:31  Overlord, Corruptor  
  128  11:35  Corruptor x2  
  132  11:49  Queen, Drone x3  
  131  12:04  Hatchery  
  129  12:08  Drone x4  
  129  12:12  Brood Lord x5  
  138  12:18  Drone x5  
  138  12:20  Extractor  
  138  12:22  Drone x3  
  141  12:29  Zergling x8  
  129  12:37  Zergling x2  
  129  12:42  Corruptor x2  
  132  12:59  Zergling x2  
  132  13:00  Zergling x6  
  132  13:03  Drone x2  
  135  13:11  Zergling x2, Corruptor  
  137  13:13  Queen  
  137  13:16  Queen  
  137  13:18  Hatchery  
  140  13:21  Zergling x6  
  140  13:23  Baneling x6  
  140  13:26  Drone x3  
  146  13:40  Zergling x14  
  152  13:50  Corruptor x3  
  152  13:54  Drone x2  
  160  13:58  Overlord  
  159  14:10  Queen  
  159  14:11  Zergling x2  
  159  14:12  Zergling x6  
  159  14:14  Overlord  
  148  14:26  Corruptor x2  
  148  14:27  Zergling x14  
  144  14:32  Corruptor  
  144  14:33  Zergling x6  
  144  14:34  Zergling x2  
  126  14:44  Zergling x8  
  126  14:45  Queen  
  126  15:02  Viper x2  
  131  15:07  Hatchery  
  131  15:12  Corruptor x2  
  134  15:16  Baneling x7  
  134  15:20  Corruptor  
  136  15:24  Spore Crawler  
  136  15:25  Corruptor  
  131  15:44  Corruptor x3  
  131  15:47  Zergling x10  
  129  16:02  Zergling x10  
  132  16:05  Infestor x4  
  140  16:12  Drone x4  
  140  16:13  Drone  
  145  16:20  Brood Lord  
  145  16:25  Zergling x6  
  150  16:29  Baneling x6  
  150  16:30  Baneling  
  150  16:37  Extractor  
  148  16:40  Extractor  
  148  16:46  Zergling x2  
  148  16:47  Zergling x12  
  145  16:52  Corruptor x3  
  144  16:56  Drone x3  
  144  16:58  Extractor  
  145  17:08  Corruptor x2, Baneling x3  
  145  17:14  Drone x3  
  145  17:15  Drone  
  153  17:16  Spore Crawler, Drone  
  153  17:17  Spore Crawler  
  151  17:24  Corruptor x2  
  149  17:41  Zergling x14  
  149  17:43  Drone  
  155  17:50  Baneling x4  
  145  18:02  Zergling x16  
  145  18:03  Zergling x2  
  148  18:12  Drone x4  
  143  18:16  Zergling x6  
  143  18:17  Zergling x8  
  150  18:28  Drone x3  
  150  18:29  Infestor x2  
  150  18:32  Spore Crawler x2  
  150  18:33  Baneling x10  
  132  18:45  Corruptor x2  
  132  18:46  Zergling x10  
  128  18:51  Corruptor  
  128  18:52  Zergling x4  
  128  18:55  Zergling x4  
  123  18:56  Zergling x2  
  123  19:00  Corruptor  
  123  19:01  Zergling x2  
  123  19:02  Overseer  
  115  19:14  Zergling x2, Corruptor x2  
  115  19:15  Zergling x6  
  115  19:18  Infestor  
  116  19:25  Zergling x12  
  118  19:32  Brood Lord  
  118  19:37  Zergling x14  
  113  19:39  Zergling x2  
  104  19:45  Corruptor  
  104  19:46  Zergling x4  
  104  19:49  Baneling x2  
  104  19:52  Zergling x6  
  94  19:56  Zergling x4  
  86  20:00  Zergling x4  
Tags
 
Add a new tag
Caveats
  • Supply blocks, unpowered buildings, or Contaminate may cause inaccurate times.
  • Supply counts are checked every 10 seconds.